 Dungeon Crawl Stone Soup version 0.20.1-1-g8b1a95d (webtiles) character file.

199 bobthegiant the Cudgeler (level 5, -6/42 HPs)
             Began as a Demonspawn Gladiator on Dec 3, 2017.
             Was an Initiate of Okawaru.
             Mangled by othur's ghost (7 damage)
             ... on level 3 of the Dungeon.
             The game lasted 00:12:09 (3495 turns).

bobthegiant the Cudgeler (Demonspawn Gladiator)     Turns: 3495, Time: 00:12:10

Health: -6/42      AC:  6    Str: 14    XL:     5   Next: 48%
Magic:  5/5        EV: 12    Int: 11    God:    Okawaru [......]
Gold:   152        SH:  0    Dex: 14    Spells: 4/4 levels left

rFire    . . .     SeeInvis .   a - +0 flail
rCold    . . .     Gourm    .   (no shield)
rNeg     . . .     Faith    .   b - +0 leather armour
rPois    .         Spirit   .   r - +0 helmet
rElec    .         Reflect  .   (no cloak)
rCorr    .         Harm     .   (no gloves)
MR       .....                  (no boots)
Stlth    +++.......             (no amulet)
Regen    0.2/turn               (no ring)
MPRegen  0.1/turn               (no ring)

@: no status effects
A: talons 1, molten scales 1, nightstalker 2
a: Renounce Religion


You were on level 3 of the Dungeon.
You worshipped Okawaru.
Okawaru was noncommittal.
You were not hungry.

You visited 1 branch of the dungeon, and saw 3 of its levels.

You collected 152 gold pieces.

Inventory:

Hand Weapons
 a - a +0 flail (weapon)
Missiles
 d - 2 throwing nets (quivered)
 e - 113 stones
Armour
 b - a +0 leather armour (worn)
 r - a +0 helmet (worn)
 x - a cursed +0 ring mail
Jewellery
 i - an uncursed ring of resist corrosion {unknown}
 u - an uncursed ring of protection from magic {unknown}
 B - a +3 ring of evasion {unknown}
Wands
 y - a wand of polymorph (9/24)
Scrolls
 g - 5 scrolls of remove curse {unknown}
 h - 2 scrolls of enchant armour {unknown}
 k - a scroll of fog {unknown}
 m - 3 scrolls of identify {unknown}
 o - 2 scrolls of magic mapping {unknown}
 p - 3 scrolls of fear {unknown}
 s - a scroll of teleportation {unknown}
 v - a scroll of amnesia {unknown}
Potions
 c - 2 potions of haste {unknown}
 j - a potion of brilliance {unknown}
 l - a potion of berserk rage {unknown}
 q - a potion of cancellation {unknown}
 t - a potion of curing
 w - a potion of flight {unknown}
Comestibles
 f - 2 bread rations
 n - 2 meat rations
 z - 3 fruits
 A - a chunk of flesh


   Skills:
 + Level 4.0 Fighting
 + Level 4.6 Maces & Flails
 - Level 1.7 Throwing
 - Level 2.6 Dodging


You had 4 spell levels left.
You didn't know any spells.

Dungeon Overview and Level Annotations

Branches:
Dungeon (3/15)

Altars:
Okawaru

Annotations:
D:3 2 transporters, othur's ghost, amateur GrBe


Innate Abilities, Weirdness & Mutations

You have sharp toenails.
You are partially covered in molten scales. (AC +2)
You are significantly more attuned to the shadows.


Message History

Othur's ghost is lightly damaged.
The quokka barely misses you. Othur's ghost hits you!!
* * * LOW HITPOINT WARNING * * *
The quokka closely misses you.
You hit othur's ghost but do no damage. You claw othur's ghost.
Othur's ghost is lightly damaged.
Othur's ghost closely misses you. The quokka bites you.
* * * LOW HITPOINT WARNING * * *
You barely miss othur's ghost.
Othur's ghost is lightly damaged.
Othur's ghost barely misses you. The quokka completely misses you.
Othur's ghost screams in joy, "As in life, so in death: Kill!
Kill!!
Kill!!!"
The quokka bites you but does no damage.
The quokka closely misses you.
You closely miss othur's ghost. You claw othur's ghost.
Othur's ghost is lightly damaged.
Othur's ghost hits you.
* * * LOW HITPOINT WARNING * * *
Othur's ghost hits you!
You die...

.# #.# #.............#
.#
#.#...#........######
.# #.#...###........
## #.#...# #........
#.#...# #.........
####.#...###..........
..............#
####.#........##### #
#.#........rW@.# #
#.#.##.....##### #
#.#.##.....# #
#.#.##.....# #
#.#.##...(.# #
#.#.##.....# #
#.#.##.....# ## #.#.#
..... .# #.#.# .....


You could see othur's ghost and a quokka.

Vanquished Creatures
  2 orc wizards (D:3)
  Robin (D:2)
  6 adders
  2 worms
  A dart slug (D:1)
  A leopard gecko (D:1)
  7 orcs (D:3)
  4 bats
  3 giant cockroaches (D:2)
  5 hobgoblins
  6 jackals
  2 kobolds
  3 quokkas
  A frilled lizard (D:3)
  17 goblins
  5 rats
66 creatures vanquished.

Notes
Turn   | Place    | Note
-------+----------+-------------------------------------------
     0 | D:1      | bobthegiant the Demonspawn Gladiator began the quest for the Orb.
     0 | D:1      | Reached XP level 1. HP: 16/16 MP: 1/1
   771 | D:1      | Gained mutation: You are slightly more attuned to the shadows. [demonic ancestry]
   771 | D:1      | Reached XP level 2. HP: 21/23 MP: 2/2
  1067 | D:2      | Found an iron altar of Okawaru.
  1188 | D:2      | Gained mutation: You are partially covered in molten scales. (AC +2) [demonic ancestry]
  1188 | D:2      | Reached XP level 3. HP: 22/28 MP: 3/3
  1470 | D:2      | Became a worshipper of Warmaster Okawaru
  1559 | D:2      | Noticed Robin
  1598 | D:2      | Killed Robin
  1975 | D:2      | Gained mutation: You have sharp toenails. [demonic ancestry]
  1975 | D:2      | Reached XP level 4. HP: 34/35 MP: 4/4
  2309 | D:3      | Found a transporter.
  2996 | D:3      | Noticed othur's ghost (amateur GrBe)
  3106 | D:3      | Noticed a kobold demonologist
  3126 | D:3      | Found a transporter.
  3160 | D:3      | Gained mutation: You are significantly more attuned to the shadows. [demonic ancestry]
  3160 | D:3      | Reached XP level 5. HP: 41/41 MP: 5/5
  3488 | D:3      | HP: 2/42 [quokka (1)]
  3495 | D:3      | HP: 1/42 [othur's ghost (2)]
  3495 | D:3      | Mangled by othur's ghost

Skill      XL: |  1  2  3  4  5 |
---------------+----------------+-----
Maces & Flails | 3 4 |  4.6
Fighting       | 3 4 |  4.0
Throwing       | |  1.7
Dodging        | |  2.6

Action                   |  1- 3 |  4- 6 || total
-------------------------+-------+-------++-------
Melee: Flail             |   114 |    95 ||   209
       Kick              |       |    15 ||    15
Throw: Throwing net      |       |     1 ||     1
  Use: Potion            |     1 |       ||     1
 Stab: Sleeping          |     5 |     6 ||    11
  Eat: Chunk             |     3 |     5 ||     8
Armor: Leather armour    |    41 |    30 ||    71
Dodge: Dodged            |   103 |    61 ||   164
